 Dungeon Sprint DCSS version 0.19-a0-1532-g228a5d9 (webtiles) character file.

58 poirepourri the Covert (level 3, -3/16 HPs)
             Began as a Spriggan Enchanter on Sept 13, 2016.
             Splashed by an oklob sapling priest's acid (12 damage)
             ... in the Dungeon (Sprint IV: "Fedhas' Mad Dash").
             The game lasted 00:00:42 (108 turns).

poirepourri the Covert (Spriggan Enchanter)          Turns: 108, Time: 00:00:43

Health: -3/16      AC:  3    Str:  4    XL:     3   Next: 76%
Magic:  9/9        EV: 19    Int: 16    God:
Gold:   62         SH:  0    Dex: 17    Spells: 4 memorised, 1 level left

rFire  . . .     SeeInvis +     a - +1 dagger
rCold  . . .     Gourm    .     b - +1 robe
rNeg   . . .     Faith    .     (shield restricted)
rPois  .         Spirit   .     (helmet restricted)
rElec  .         Dismiss  .     (no cloak)
rCorr  .         Reflect  .     (gloves unavailable)
MR     .....     Harm     .     (boots unavailable)
Stlth  ++++...... NoTele   +    (no amulet)
                                (no ring)
                                (no ring)

@: very quick
A: unfitting armour, see invisible, herbivore 3, speed 3, slow metabolism 2
a: no special abilities


You were in the Dungeon.
You were not hungry.

You visited 1 branch You collected 62 gold pieces.

Inventory:

Hand Weapons
 a - a +1 dagger (weapon)
Armour
 b - a +1 robe (worn)
Jewellery
 i - the amulet of invisibility {+Inv}
   (You found it in the Dungeon)

   [amulet of nothing]

   It lets you turn invisible.
Scrolls
 j - a scroll of blinking
 k - a scroll of fog {unknown}
Potions
 e - a potion of curing
 f - a potion of heal wounds
 g - a potion of haste
 h - 2 potions of magic
Books
 c - a book of Maledictions

   Spells                             Type                      Level
   a - Corona                         Hexes                        1
   b - Ensorcelled Hibernation        Hexes/Ice                    2
   c - Confuse                        Hexes                        3
   d - Tukima's Dance                 Hexes                        3
   e - Dazzling Spray                 Conjuration/Hexes            3
Comestibles
 d - a bread ration


   Skills:
 + Level 1.3 Short Blades
 + Level 4.0 Dodging
 + Level 8.0 Stealth
 + Level 4.4 Spellcasting
 + Level 6.8 Hexes


You had one spell level left.
You knew the following spells:

 Your Spells              Type           Power        Failure   Level  Hunger
a - Corona                Hex            ####...      1%          1    None
b - Ensorcelled Hibernat  Hex/Ice        ##....       8%          2    ##.....
c - Confuse               Hex            ####....     3%          3    ###....
d - Tukima's Dance        Hex            ####....     3%          3    ###....


Dungeon Overview and Level Annotations

Branches:
Dungeon (1/1)

Altars:
Cheibriados
Dithmenos
Elyvilon
Gozag
Hepliaklqana
Kikubaaqudgha
Makhleb
Nemelex Xobeh
Okawaru
Qazlal
Ru
Sif Muna
Trog
Uskayaw
Vehumet
Xom
Yredelemnul
Zin
The Shining One
Beogh
Jiyva
Lugonu

Annotations:
D exclusion: oklob sapling


Innate Abilities, Weirdness & Mutations

You are tiny and cannot use many weapons and most armour.
You have supernaturally acute eyesight. (SInv)
You are a herbivore.
You cover ground extremely quickly.
You need consume almost no food.


Message History

You start memorising the spell.
You continue memorising. x3
You finish memorising.
Spell assigned to 'd'.
You open the door.
Found ten altars.
Marking area around the oklob sapling priest as unsafe for travelling.
An oklob sapling priest comes into view.
Found a viscous altar of Jiyva and a bloodstained altar of Trog.
There is an open door here.
Found three altars.
Found two altars.
Found three altars.
Found a radiant altar of Vehumet and a corrupted altar of Lugonu.
There is a burning altar of Makhleb here.
The oklob sapling priest looks braver for a moment.
There is a sparkling altar of Nemelex Xobeh here.
You hit the oklob sapling priest but do no damage.
The oklob sapling priest spits acid at you.
The splash of acid hits you!
The acid burns!
Ouch! That really hurt!
You die...

########################
....#.....#.⌠._._._._.⌠.
..†.'.#...'.._._._._._..
..†.#.#...#..._.@P_._...
########+##.._._._._._..
#.⌠._._._._.⌠.
##############


You could see an oklob sapling priest.

Vanquished Creatures
  An oklob sapling (D)
  A worker ant (D)
  A river rat (D)
  A rat (D)
4 creatures vanquished.

Notes
Turn   | Place    | Note
-------+----------+-------------------------------------------
     0 | D        | poirepourri the Spriggan Enchanter began the quest for the Orb.
     0 | D        | Reached XP level 1. HP: 9/9 MP: 5/5
     8 | D        | Reached skill level 6 in Stealth
     8 | D        | Reached XP level 2. HP: 13/13 MP: 7/7
    14 | D        | Learned a level 2 spell: Ensorcelled Hibernation
    20 | D        | Noticed an oklob sapling
    27 | D        | Killed an oklob sapling
    27 | D        | Reached skill level 7 in Stealth
    27 | D        | Reached XP level 3. HP: 16/16 MP: 9/9
    69 | D        | Reached skill level 8 in Stealth
    96 | D        | Learned a level 3 spell: Confuse
   100 | D        | Learned a level 3 spell: Tukima's Dance
   100 | D        | Found an opulent altar of Gozag.
   100 | D        | Found a hazy altar of Hepliaklqana.
   100 | D        | Found a burning altar of Makhleb.
   100 | D        | Found a roughly hewn altar of Beogh.
   100 | D        | Found a sparkling altar of Nemelex Xobeh.
   100 | D        | Found a snail-covered altar of Cheibriados.
   100 | D        | Found a sacrificial altar of Ru.
   100 | D        | Found a deep blue altar of Sif Muna.
   100 | D        | Found a shimmering altar of Xom.
   100 | D        | Found a basalt altar of Yredelemnul.
   101 | D        | Found a viscous altar of Jiyva.
   101 | D        | Found a bloodstained altar of Trog.
   101 | D        | Noticed an oklob sapling priest
   102 | D        | Found an iron altar of Okawaru.
   102 | D        | Found a shadowy altar of Dithmenos.
   102 | D        | Found a glowing silver altar of Zin.
   103 | D        | Found a hide-covered altar of Uskayaw.
   103 | D        | Found an ancient bone altar of Kikubaaqudgha.
   104 | D        | Found a stormy altar of Qazlal.
   104 | D        | Found a glowing golden altar of the Shining One.
   104 | D        | Found a white marble altar of Elyvilon.
   105 | D        | Found a radiant altar of Vehumet.
   105 | D        | Found a corrupted altar of Lugonu.
   108 | D        | Splashed by an oklob sapling priest's acid

Vault maps used:
D:        dungeon_sprint_fedhas

Skill      XL: |  1  2  3 |
---------------+----------+-----
Stealth        | 6 7 8 |  8.0
Spellcasting   | 3 4 |  4.4
Hexes          | 4 6 |  6.8
Dodging        | 4 |  4.0
Short Blades   | |  1.3

Action                   || total
-------------------------++-------
Melee: Dagger            ||    10
 Cast: Ensorcelled Hiber ||     1
  Use: Potion            ||     1
 Stab: Sleeping          ||     2
Dodge: Dodged            ||     4
